 Dungeon Crawl Stone Soup version 0.23.0-3-gf3c87f2 (webtiles) character file.

Game seed: 255981860562221908

190 Frank the Ducker (level 5, -1/37 HPs)
             Began as an Octopode Fighter on Feb 22, 2019.
             Killed from afar by an electric eel (13 damage)
             ... with a bolt of electricity
             ... on level 3 of the Dungeon.
             The game lasted 00:04:21 (2529 turns).

Frank the Ducker (Octopode Fighter)                 Turns: 2529, Time: 00:04:22

Health: -1/37      AC:  1    Str: 16    XL:     5   Next: 69%
Magic:  5/5        EV: 10    Int: 10    God:
Gold:   165        SH: 13    Dex: 12    Spells: 4/4 levels left

rFire    . . .     SeeInvis .   a - +3 long sword
rCold    . . .     Gourm    .   f - +0 large shield
rNeg     . . .     Faith    .   (helmet restricted)
rPois    .         Spirit   .   (no amulet)
rElec    .         Reflect  .   (no ring)
rCorr    .         Harm     .   (no ring)
MR       .....                  (no ring)
Stlth    +++.......             (no ring)
HPRegen  0.12/turn              (no ring)
MPRegen  0.09/turn              (no ring)
                                (no ring)
                                (no ring)

@: no status effects
A: almost no armour, stealthy swim, amphibious, 8 rings, constrict 8, camouflage
1, gelatinous body 1
a: no special abilities


You were on level 3 of the Dungeon.
You were not hungry.

You visited 1 branch of the dungeon, and saw 3 of its levels.

You collected 165 gold pieces.

Inventory:

Hand Weapons
 a - a +3 long sword (weapon)
Armour
 f - a +0 large shield (worn)
Wands
 g - a wand of acid (9)
 j - a wand of flame (15)
Scrolls
 n - a scroll of remove curse
Potions
 b - a potion of agility
 c - a potion of might
 e - a potion of cancellation
 h - a potion of haste
 i - a potion of lignification
 l - a potion of curing {unknown}
 m - a potion of ambrosia {unknown}
Comestibles
 d - 6 rations
 o - a chunk of flesh


   Skills:
 + Level 3.7 Fighting
 + Level 3.4 Long Blades
 + Level 3.8 Dodging
 + Level 2.8 Stealth
 + Level 3.7 Shields


You had 4 spell levels left.
You didn't know any spells.
Your spell library was empty.

Dungeon Overview and Level Annotations

Branches:
Dungeon (3/15)

Altars:
Elyvilon

Annotations:
D:3 1 transporter, 1 runed translucent door


Innate Abilities, Weirdness & Mutations

You cannot wear most types of armour.
You are very stealthy in the water. (Stealth+)
You are amphibious.
You can wear up to eight rings at the same time.
You can use your tentacles to constrict eight enemies at once.
Your skin changes colour to match your surroundings (Stealth+).
Your rubbery body absorbs attacks. (AC +1, EV +1)


Message History

Aim: an electric eel The puff of flame misses the electric eel.
The electric eel is engulfed in a cloud of scalding steam.
The electric eel shoots out a bolt of lightning at you!
The bolt of electricity hits you! x2; The bolt of electricity hits the plant.
Evoke which item? (* to show all) (? for menu, Esc to quit)
Aiming: Throw Flame
Press: ? - help, Shift-Dir - straight line, f/p - electric eel
Aim: an electric eel (steam, moderately wounded)
The puff of flame misses the electric eel.
The electric eel is engulfed in a cloud of scalding steam.
Evoke which item? (* to show all) (? for menu, Esc to quit)
Aiming: Throw Flame
Press: ? - help, Shift-Dir - straight line, f/p - electric eel
Aim: an electric eel (heavily wounded)
The puff of flame misses the electric eel.
The electric eel is engulfed in a cloud of scalding steam.
The electric eel shoots out a bolt of lightning at you!
The bolt of electricity hits you!
You die...

.(...)'.....'..............>.....
#######.....###.######.##.#######
######.....# #..## #.##.#
##......#######...####.##.#
........# #....©....#.##.#
........# #.#######.#.##.#
........# #.#8.©.8#......#
#.......####.#P...P#...####
.............###@###...#
#.#########..#;...≈#...# #.#
#..#≈...≈#...##### #.##
#..#≈≈≈≈≈#.......# ...#
#..#≈;♣≈≈#.#.###.# ...#
#..#≈≈≈≈≈#.#.# #.# ...#
#..#≈P≈≈≈#.#.# #.# ..##
#..#≈≈≈≈≈#.#.# #.# ###
#..###+###.#.# #.#


You could see 2 electric eels.

Vanquished Creatures
  A scorpion (D:3)
  4 adders
  2 oozes
  2 worms
  3 dart slugs (D:1)
  2 leopard geckos
  4 orcs (D:3)
  11 bats
  5 giant cockroaches
  5 goblins
  8 hobgoblins
  11 jackals
  3 frilled lizards (D:3)
  7 kobolds
  6 rats
74 creatures vanquished.

Notes
Turn   | Place    | Note
-------+----------+-------------------------------------------
     0 | D:1      | Frank the Octopode Fighter began the quest for the Orb.
     0 | D:1      | Reached XP level 1. HP: 16/16 MP: 1/1
    51 | D:1      | Reached XP level 2. HP: 19/21 MP: 2/2
   330 | D:1      | Reached XP level 3. HP: 25/26 MP: 3/3
   994 | D:2      | Reached skill level 1 in Stealth
   994 | D:2      | Reached XP level 4. HP: 14/31 MP: 4/4
  1691 | D:3      | Found a transporter.
  1882 | D:3      | Found a transporter.
  2029 | D:3      | Found a runed translucent door.
  2029 | D:3      | Found a white marble altar of Elyvilon.
  2029 | D:3      | Noticed an angel
  2079 | D:3      | Reached XP level 5. HP: 9/36 MP: 5/5
  2529 | D:3      | Killed from afar by an electric eel

Skill      XL: |  1  2  3  4 |
---------------+-------------+-----
Stealth        | 1 2 |  2.8
Long Blades    | 3 |  3.4
Fighting       | |  3.7
Dodging        | |  3.8
Shields        | |  3.7

Action                   |  1- 3 |  4- 6 || total
-------------------------+-------+-------++-------
Melee: Long sword        |    58 |    82 ||   140
       Tentacles         |    14 |    15 ||    29
       Constrict         |    22 |    25 ||    47
Evoke: Wand              |       |     3 ||     3
  Use: Scroll            |     4 |     5 ||     9
       Potion            |       |     1 ||     1
 Stab: Sleeping          |     5 |     6 ||    11
       Distracted        |       |     1 ||     1
  Eat: Chunk             |       |     5 ||     5
Armor: Skin              |     4 |     5 ||     9
Dodge: Dodged            |    22 |    28 ||    50
Block: Shield            |    14 |       ||    14
       Large shield      |    16 |    63 ||    79
       Rpst.: Long sword |     8 |    11 ||    19
